 Dungeon Crawl Stone Soup version 0.31.0-12-g77e489cdc1 (webtiles) character file.

Game seed: 1378399556273940317

65 Gadfly the Insei (level 3, -7/29 HPs)
             Began as a Demonspawn Monk on Feb 11, 2024.
             Mangled by Sigmund
             ... wielding a +0 scythe
              (12 damage)
             ... on level 2 of the Dungeon.
             The game lasted 00:02:20 (1427 turns).

Gadfly the Insei (Demonspawn Monk)                  Turns: 1427, Time: 00:02:20

Health: -7/29      AC:  2    Str: 13    XL:     3   Next: 94%
Magic:  3/3        EV: 13    Int: 10    God:
Gold:   7          SH:  0    Dex: 15    Spells: 0/2 levels left

rFire   . .          .
                       - Unarmed
rCold   + . .        c - orb {light}
rNeg    . . .        a - +0 robe
rPois   .            (helmet restricted)
rElec   .            (no cloak)
rCorr   .            (no gloves)
SInv    .            (no boots)
Will    .....        (no amulet)
Stlth   +            f - ring of protection from cold
HPRegen 0.24/turn    (no ring)
MPRegen 0.08/turn

%: no passive effects
@: brilliant, glowing
A: antennae 1
a: no special abilities


You were on level 2 of the Dungeon.
You visited 1 branch of the dungeon, and saw 2 of its levels.

You collected 7 gold pieces.

Inventory:

Hand Weapons
 h - a +0 falchion
 i - a +0 short sword of freezing
Armour
 a - a +0 robe (worn)
 c - an orb of light (worn)
Jewellery
 f - a ring of protection from cold (left hand)
Scrolls
 g - a scroll of teleportation
Potions
 e - a potion of attraction


   Skills:
 - Level 3.0 Fighting
 + Level 3.0 Dodging
 * Level 3.3 Unarmed Combat
 * Level 1.7 Evocations
 * Level 1.3 Shapeshifting


You couldn't memorise any spells.
You knew the following spells:

 Your Spells              Type           Power      Damage    Failure   Level
a - Blink                 Tloc           0%         N/A       50%         2

Your spell library contained the following spells:

 Spells                   Type           Power      Damage    Failure   Level
 Apportation              Tloc           0%         N/A       36%         1
 Sting                    Conj/Alch      0%         1d3       36%         1
 Lesser Beckoning         Tloc           0%         N/A       50%         2
 Mercury Vapours          Alch/Air       0%         N/A       50%         2
 Momentum Strike          Conj/Tloc      0%         3d8       50%         2
 Olgreb's Toxic Radiance  Alch           0%         N/A       98%         4


Dungeon Overview and Level Annotations

Branches:
Dungeon (2/15)

Altars:

Shops:
D:1 =

Annotations:
D:2 1 runed translucent door, Crazy Yiuf, Sigmund


Innate Abilities, Weirdness & Mutations

You have a pair of small antennae on your head.


Message History

You barely miss Sigmund.
Sigmund is lightly wounded.
Sigmund casts a spell at you. You resist with significant effort.
You barely miss Sigmund.
Sigmund is lightly wounded.
Sigmund barely misses you.
You hit Sigmund.
Sigmund is moderately wounded.
Okay, then.
You barely miss Sigmund.
Sigmund is moderately wounded.
Sigmund gestures at you while chanting.
You are confused.
You hit Sigmund.
Sigmund is heavily wounded.
Sigmund completely misses you.
You bump into the rock wall.
Sigmund hits you but does no damage.
You're too confused to move!
You hit Sigmund.
Sigmund is severely wounded.
Sigmund barely misses you.
You bump into the rock wall.
Sigmund misses you.
You are too confused!
You bump into the rock wall.
You feel less confused.
You hit Sigmund.
Sigmund is severely wounded.
Sigmund points at you and mumbles some strange words.
The magic dart hits you.
You hit Sigmund but do no damage.
Sigmund is severely wounded.
Sigmund casts a spell at you. The magic dart hits you.
* * * LOW HITPOINT WARNING * * *
You hit Sigmund.
Sigmund is severely wounded.
Sigmund hits you with a +0 scythe!
You die...
Sigmund begins carving another notch in his scythe.

#.....###.# #.########.
#..........# #.# #.
##....###..# #.# #. #..#.#
#..# #.# ##. .....# #..#
#.# #.. ##.### #..#
######.## #.# #..#
#.......# #.#
###.#..###.####..######.#
#.......@@...............#
#.#########.#####.######.#
#.# #.# #.# #.# #.# #..
#.# #.# #.# #.# #.# #.#
#.# .# #.# #.# #.# #.# #.#


You could see Sigmund.

Vanquished Creatures
  Terence (D:2)
  An adder (D:2)
  2 dart slugs
  5 ball pythons
  2 endoplasms
  2 giant cockroaches
  3 jackals (D:2)
  A quokka (D:1)
  3 bats (D:2)
  A frilled lizard (D:1)
  3 goblins
  4 kobolds
  5 rats
33 creatures vanquished.

Notes
Turn   | Place    | Note
-------+----------+-------------------------------------------
     0 | D:1      | Gadfly the Demonspawn Monk began the quest for the Orb.
     0 | D:1      | Reached XP level 1. HP: 18/18 MP: 1/1
    69 | D:1      | Found Ifuabec's Jewellery Boutique.
   381 | D:1      | Gained mutation: You have a pair of small antennae on your
                  | head. [demonic ancestry]
   381 | D:1      | Reached XP level 2. HP: 22/24 MP: 2/2
   744 | D:2      | Found a faded altar of an unknown god.
   748 | D:2      | Got Plato's Vademecum on the Voyage
   847 | D:2      | Reached skill level 1 in Evocations
   847 | D:2      | Reached skill level 1 in Shapeshifting
   847 | D:2      | Reached XP level 3. HP: 24/29 MP: 3/3
   850 | D:2      | Learned a level 2 spell: Blink
  1067 | D:2      | Noticed Terence
  1077 | D:2      | HP: 2/43 [Terence/+0 flail (10)]
  1080 | D:2      | Killed Terence
  1312 | D:2      | Found a runed translucent door.
  1313 | D:2      | Noticed Crazy Yiuf
  1401 | D:2      | Noticed Sigmund
  1427 | D:2      | Mangled by Sigmund

Illustrated notes

Levels and vault maps discovered:
D:1:      dpeg_arrival_shelter, layout_loops_ring, serial_shops,
          nicolae_square_shop
D:2:      layout_loops_ring, shapermc_ecumenical_altar_rom_forum, uniq_sigmund,
          uniq_crazy_yiuf_cottage, uniq_terence

Skill      XL: |  1  2  3 |
---------------+----------+-----
Unarmed Combat | 3 |  3.3
Evocations     | 1 |  1.7
Shapeshifting  | 1 |  1.3
Dodging        | 3 |  3.0
Fighting       | |  3.0

Action                     || total
---------------------------++-------
  Melee: Unarmed           ||   129
    Use: Scroll            ||     3
         Potion            ||     5
 Armour: Robe              ||    62
  Dodge: Dodged            ||    94
